 Dungeon Crawl Stone Soup version 0.29-a0-221-gceb61267dd (webtiles) character file.

Game seed: 1744314281480061274

380 mcwallace the Ducker (level 7, -4/50 HPs)
             Began as a Djinni Ice Elementalist on Feb 26, 2022.
             Was an Initiate of Ashenzari.
             Killed by divine providence
             ... invoked by an orc priest
              (12 damage)
             ... on level 4 of the Dungeon.
             The game lasted 00:08:07 (5868 turns).

mcwallace the Ducker (Djinni Ice Elementalist)      Turns: 5868, Time: 00:08:07

Health: -4/50      AC:  2    Str:  7    XL:     7   Next: 5%
Gold:   356        EV: 14    Int: 18    God:    Ashenzari [......] SH:  0 Dex: 14

rFire   + + +      SeeInvis .   q - +1 whip (venom) {mace}
rCold   . . .      Faith    .   (no shield)
rNeg    . . .      Spirit   .   a - +0 robe rPois โˆž Reflect .
                                (no helmet)
rElec   .          Harm     .   B - scarf {rC+ rF+}
rCorr   .          Rampage  .   (no gloves)
Will    .....                   (boots unavailable)
Stlth   ++........              (no amulet)
HPRegen 0.16/turn               (no ring)
MPRegen 0.00/turn               (no ring)

@: flying
A: sickness immunity, fire resistance 2, cold vulnerability 1, float, innate
caster, HP casting, extra vitality 1
a: Renounce Religion


You were on level 4 of the Dungeon.
You worshipped Ashenzari.
Ashenzari was noncommittal.
You visited 2 branches of the dungeon, and saw 5 of its levels.

You collected 356 gold pieces.


Innate Abilities, Weirdness & Mutations

You are immune to sickness and miasma.
You are immune to poison.
Your flesh is very heat resistant. (rF++)
You are vulnerable to cold. (rC-)
You float through the air rather than walking.
You learn spells naturally, not from books.
Your magical power is your life essence.
You have superior vitality. (+4 MHP)


   Skills:
 + Level 3.5 Fighting
 + Level 4.7 Dodging
 - Level 1.5 Stealth
 + Level 4.4 Spellcasting


You couldn't memorise any spells.
You knew the following spells:

 Your Spells              Type           Power      Damage    Failure   Level
a - Freeze                Ice            80%        1d9       2%          1
b - Frozen Ramparts       Ice            40%        1d6       7%          3
c - Ozocubu's Armour      Ice            20%        N/A       7%          3
d - Hailstorm             Conj/Ice       20%        3d6       22%         4
e - Sting                 Tmut/Pois      80%        1d7       2%          1
f - Blink                 Tloc           40%        N/A       3%          2
g - Portal Projectile     Hex/Tloc       40%        N/A       7%          3
Your spell library was empty.

Inventory:

Hand Weapons
 c - a +0 dagger {short}
   (You took it off a kobold on level 1 of the Dungeon)
 q - a +1 whip of venom (weapon) {mace}
   (You took it off a kobold on level 2 of the Dungeon)
Missiles
 d - 107 stones {throwing}
 p - 2 curare-tipped darts {=fthrowing}
 z - 2 atropa-tipped darts {throwing}
Armour
 a - a +0 robe (worn)
 e - a +0 chain mail
   (You found it on level 1 of the Dungeon)
 f - a +0 ring mail
   (You found it on level 1 of the Dungeon)
 h - a +0 ring mail
   (You found it on level 1 of the Dungeon)
 s - a +0 ring mail
   (You found it on level 2 of the Dungeon)
 u - a +0 robe
   (You took it off Jessica on level 3 of the Dungeon)
 v - a +0 leather armour
   (You found it on level 3 of the Dungeon)
 w - a +0 ring mail
   (You took it off an orc on level 3 of the Dungeon)
 x - a +0 robe
   (You found it on level 3 of the Dungeon)
 A - a +0 ring mail
   (You took it off Terence on level 3 of the Dungeon)
 B - a scarf of resistance (worn)
   (You found it on level 3 of the Dungeon)
 C - a +0 chain mail
   (You took it off an orc priest on level 4 of the Dungeon)
Magical Staves
 i - a staff of air {!astaff}
   (You found it on level 1 of the Dungeon)
Jewellery
 n - an amulet of faith {!P}
   (You found it on level 2 of the Dungeon)
Scrolls
 b - a scroll of fear {unknown}
 j - a scroll of teleportation {unknown}
 m - 2 scrolls of enchant weapon {unknown}
 t - a scroll of identify {unknown}
 y - a scroll of acquirement {unknown}
Potions
 g - a potion of degeneration {unknown}
 k - a potion of haste {unknown}
 o - a potion of brilliance {unknown}
 r - a potion of curing {unknown}

Dungeon Overview and Level Annotations

Branches:
Dungeon (4/15)             Temple (1/1) D:4

Altars:
Ashenzari
Cheibriados
Dithmenos
Elyvilon
Fedhas
Gozag
Hepliaklqana
Kikubaaqudgha
Makhleb
Nemelex Xobeh
Okawaru
Qazlal
Ru
Sif Muna
Trog
Uskayaw
Vehumet
Xom
Yredelemnul
Zin
The Shining One

#..# #..# #..# #..# #####
####..# # ...##.....))..
#...........##
#.#.#######..#..###...ยง.
#......@.g..........#o#.
....#####g#.#W.#.##.....
. #.......g.J.#.....
###.#g..J..o...#.#
#.####o.....### #.#
#........#
#.#.............
#.#.#...........
#.##.....#####


You could see a phantom, an orc priest, 2 gnolls and a goblin.


Message History

An orc comes into view. It is wielding a +0 whip.
The orc shouts!
You hear a shout!
An orc priest comes into view. It is wielding a +0 hand axe.
An orc comes into view. It is wielding a +0 whip.
The orc priest shouts!
A phantom comes into view.
You hear a shout!
An endoplasm comes into view.
The orc priest mumbles some strange prayers to Beogh against you.
Beogh smites you! ๐Ÿ˜• HP[-11]
You take 11 damage, and now have 39/50 hp.
MASSIVE DAMAGE!! (PAUSE)
Casting: Freeze (safe; 2% risk of failure)
Confirm with . or Enter, or press ? or * to list all spells.
Casting: Frozen Ramparts (dangerous; 7% risk of failure)
Press: ? - help, Dir - look around, f - activate The walls around you are covered in ice.
The orc priest miscasts a cantrip.
The wall freezes the orc.
The orc hits you with a +0 whip. ๐Ÿ˜ฎ HP[-4]
You take 4 damage, and now have 35/50 hp.
You barely miss the orc.
The wall freezes the orc.
The orc hits you with a +0 whip.
The wall freezes the orc.
You kill the orc!
The phantom completely resists.
The wall freezes the phantom but does no damage.
The wall freezes the orc.
You kill the orc! ๐Ÿ˜ฎ HP[-5]
You take 5 damage, and now have 30/50 hp.
The phantom resists.
The wall freezes the phantom.
You hit the phantom but do no damage.
The phantom completely resists.
The wall freezes the phantom but does no damage.
The phantom hits you.
The phantom blinks!
You blink.
The frozen ramparts melt away as you move. ๐Ÿ˜ฎ HP[-3]
You take 3 damage, and now have 27/50 hp.
You hit the phantom. The phantom misses you.
The orc priest mumbles some strange prayers to Beogh against you.
Pain shoots through your body!
* * * LOW HITPOINT WARNING * * *
๐Ÿ˜จ HP[-8]
You take 8 damage, and now have 19/50 hp.
Unknown command.
You completely miss the phantom.
The phantom closely misses you. ๐Ÿ˜จ HP[+1]
Okay, then.
You barely miss the phantom. The phantom hits you.
* * * LOW HITPOINT WARNING * * *
The phantom blinks!
You blink. ๐Ÿ˜จ HP[-5]
You take 5 damage, and now have 15/50 hp.
You hit the phantom but do no damage. The phantom hits you.
* * * LOW HITPOINT WARNING * * *
The phantom blinks!
You blink.
A gnoll comes into view. It is wielding a +0 halberd.
Found a stone staircase leading up.
The orc priest closely misses you. ๐Ÿ˜ฑ HP[-3]
You take 3 damage, and now have 12/50 hp.
You feel much better. The phantom hits you.
The orc priest calls down the wrath of Beogh upon you.
Beogh smites you!
* * * LOW HITPOINT WARNING * * *
A gnoll comes into view. It is wielding a +0 halberd.
The endoplasm hits you but does no damage. ๐Ÿ˜จ HP[+6]
You regained 6 hp, and now have 18/50 hp.
Casting: Frozen Ramparts (dangerous; 7% risk of failure)
Confirm with . or Enter, or press ? or * to list all spells.
You blink.
A gnoll comes into view.
It is wielding a +0 spear and carrying a wand of digging (6).
The gnoll shouts!
* * * LOW HITPOINT WARNING * * *
You hear a shout!
A goblin comes into view. It is wielding a +0 club.
The gnoll barely misses you. The gnoll closely misses you.
The gnoll hits you from afar with a +0 spear!
* * * LOW HITPOINT WARNING * * *
๐Ÿ˜ฑ HP[-9]
You take 9 damage, and now have 9/50 hp.
The gnoll misses you. The gnoll closely misses you.
The goblin closely misses you. ๐Ÿ˜ฑ HP[+1]
You feel stable enough to blink again. The gnoll barely misses you.
The goblin hits you with a +0 club.
* * * LOW HITPOINT WARNING * * *
๐Ÿ˜ฑ HP[-3]
You take 3 damage, and now have 7/50 hp.
The gnoll misses you.
You hear a zap.
You hear a grinding noise. ๐Ÿ˜ฑ HP[+1]
You hear a zap.
Some rock shatters into small pieces.
The orc priest mumbles some strange prayers to Beogh against you.
Beogh smites you!
You die...

Skill      XL: |  1  2  3  4  5  6 |
---------------+-------------------+-----
Fighting       | 1 2 3 |  3.5
Dodging        | 3 4 |  4.7
Spellcasting   | 4 |  4.4
Stealth        | |  1.5

Action                   |  1- 3 |  4- 6 |  7- 9 || total
-------------------------+-------+-------+-------++-------
Melee: Unarmed           |     1 |       |       ||     1
       Dagger            |     6 |    14 |       ||    20
       Whip              |       |    73 |     6 ||    79
       Punch             |       |     3 |       ||     3
Throw: Dart              |       |     1 |     1 ||     2
 Cast: Freeze            |    59 |     8 |     1 ||    68
       Frozen Ramparts   |     1 |    12 |     1 ||    14
       Blink             |       |       |     1 ||     1
  Use: Potion            |       |       |     1 ||     1
 Stab: Sleeping          |     1 |     2 |       ||     3
Armor: Robe              |    11 |    15 |     2 ||    28
Dodge: Dodged            |    28 |    71 |    14 ||   113

Levels and vault maps discovered:
D:1:      dpeg_arrival_court, layout_loops_corners,
          chequers_ecumenical_altar_grove
D:2:      layout_basic, minmay_gold_behind_fungi
D:3:      layout_loops_ring, uniq_jessica, uniq_terence
D:4:      layout_loops_ring, minmay_temple_entry_proselytizer, serial_glass,
          glass_columns_a, glass_columns_a, minmay_misc_feat_encased,
          nicolae_figureground_pulse
Temple:   roderic_octagonal_lattice_temple

Notes
Turn   | Place    | Note
-------+----------+-------------------------------------------
     0 | D:1      | mcwallace the Djinni Ice Elementalist began the quest for
                  | the Orb.
     0 | D:1      | Reached XP level 1. HP: 15/15 MP: 0/0
     0 | D:1      | magus.rc [v1.9.6]
   283 | D:1      | Reached XP level 2. HP: 20/22 MP: 0/0
   451 | D:1      | Reached skill level 1 in Fighting
   610 | D:1      | Reached XP level 3. HP: 17/27 MP: 0/0
   610 | D:1      | Learned a level 1 spell: Sting
  1351 | D:1      | Reached skill level 3 in Dodging
  1796 | D:1      | Found a faded altar of an unknown god.
  2116 | D:2      | Reached XP level 4. HP: 24/33 MP: 0/0
  2124 | D:2      | HP: 1/33 [worm (10)]
  3146 | D:2      | Reached skill level 2 in Fighting
  3713 | D:3      | Noticed Jessica
  3719 | D:3      | Killed Jessica
  3720 | D:3      | Reached XP level 5. HP: 32/38 MP: 0/0
  3720 | D:3      | Learned a level 2 spell: Blink
  4098 | D:3      | Noticed a centaur
  4108 | D:3      | Killed a centaur
  4109 | D:3      | Reached skill level 4 in Dodging
  4109 | D:3      | Reached skill level 4 in Spellcasting
  4109 | D:3      | Reached XP level 6. HP: 34/45 MP: 0/0
  4334 | D:3      | Reached skill level 3 in Fighting
  4536 | D:3      | Noticed Terence
  4546 | D:3      | Killed Terence
  5141 | D:4      | Found a staircase to the Ecumenical Temple.
  5154 | D:4      | HP: 7/46 [orc priest/divine providence (11)]
  5156 | D:4      | Reached XP level 7. HP: 7/50 MP: 0/0
  5156 | D:4      | Learned a level 3 spell: Portal Projectile
  5426 | Temple   | Entered the Ecumenical Temple
  5718 | Temple   | Became a worshipper of Ashenzari the Shackled
  5855 | D:4      | HP: 12/50 [phantom (3)]
  5860 | D:4      | HP: 7/50 [goblin/+0 club (3)]
  5868 | D:4      | Killed from afar by an orc priest

Vanquished Creatures
  A centaur (D:3)
  A scorpion (D:4)
  An orc priest (D:4)
  Jessica (D:3)
  Terence (D:3)
  4 gnolls (D:4)
  4 adders
  A worm (D:2)
  2 dart slugs
  4 orcs
  6 ball pythons
  7 endoplasms
  A giant cockroach (D:1)
  7 goblins
  5 hobgoblins
  8 jackals (D:1)
  5 quokkas
  3 bats
  4 frilled lizards
  5 kobolds
  4 rats (D:1)
75 creatures vanquished.

Vanquished Creatures (others)
  9 fungi (D:2)
  2 toadstools (D:2)
11 creatures vanquished.

Grand Total: 86 creatures vanquished

Table legend:
 A = Non-vault XP
 B = Vault XP
 C = Vault XP percentage of total XP
 D = Non-vault monster count
 E = Vault monster count
 F = Vault count percentage of total count
                 A         B        C        D         E       F
            +---------+---------+-------+---------+---------+-------
      Total |     430 |     114 |  21.0 |      72 |       3 |   4.0
            +---------+---------+-------+---------+---------+-------
        D:1 |      60 |       0 |   0.0 |      34 |       0 |   0.0
        D:2 |      68 |       0 |   0.0 |      17 |       0 |   0.0
        D:3 |     154 |      73 |  32.2 |      11 |       2 |  15.4
        D:4 |     148 |      41 |  21.7 |      10 |       1 |   9.1
            +---------+---------+-------+---------+---------+-------

Illustrated notes

Table legend:
 A = Kills in this place as a percentage of kills in entire the game.
 B = Kills by you in this place as a percentage of kills by you in the entire game.
 C = Kills by friends in this place as a percentage of kills by friends in the entire game.
 D = Other kills in this place as a percentage of other kills in the entire game.
 E = Experience gained in this place as a percentage of experience gained in the entire game.
 F = Experience gained in this place divided by the number of levels of this place that you have seen.
                   A       B       C       D       E      F
               +-------+-------+-------+-------+-------+----------------------
         Total | 100.0 | 100.0 |   N/A |   N/A | 100.0 | 108.8
       Dungeon | 100.0 | 100.0 |   N/A |   N/A | 100.0 | 136.0
               +-------+-------+-------+-------+-------+----------------------

Table legend: (Time is in decaauts)
 A = Elapsed time spent in this place.
 B = Non-inter-level travel time spent in this place.
 C = Inter-level travel time spent in this place.
 D = Time resting spent in this place.
 E = Time spent auto-exploring this place.
 F = Levels seen in this place.
 G = Mean time per level.
                   A        B        C        D        E       F      G
               +--------+--------+--------+--------+--------+-----+--------+
         Total |   5875 |   5575 |    300 |    488 |   4452 |   5 | 1175.0 |
       Dungeon |   5558 |   5421 |    137 |    488 |   4317 |   4 | 1389.5 |
        Temple |    316 |    153 |    163 |      0 |    135 |   1 |  316.0 |
               +--------+--------+--------+--------+--------+-----+--------+

Top non-repeatable levels by time:
     D:1: 2108 daAuts
     D:2: 1592 daAuts
     D:3: 1078 daAuts
     D:4: 779 daAuts
  Temple: 316 daAuts
